 Dungeon Crawl Stone Soup version 0.30-a0-989-g0d87f670db (webtiles) character file.

Game seed: 18084918235219554462

52899 jasper the Summoner (level 13, 0/108 HPs)
             Began as a Demigod Summoner on Apr 3, 2023.
             Slain by a two-headed ogre
             ... wielding a +0 giant club
              (18 damage)
             ... on level 1 of the Orcish Mines.
             The game lasted 00:37:10 (21433 turns).

jasper the Summoner (Demigod Summoner)             Turns: 21433, Time: 00:37:11

Health: 0/108      AC: 15    Str: 16    XL:     13   Next: 96%
Magic:  2/19       EV: 11    Int: 35    God:
Gold:   1227       SH:  0    Dex: 14    Spells: 5/15 levels left

rFire   . . .      SeeInvis .    m - +0 trident (flame)
rCold   + . .      Faith    .    (no shield)
rNeg    . . .      Spirit   .    w - +3 ring mail "Raso" {rPois rC+ Str+3}
rPois   +          Reflect  .    j - +0 helmet
rElec   .          Rampage  .    l - +0 cloak {rPois}
rCorr   .                        d - +1 pair of gloves
Will    +....                    (no boots)
Stlth   +                        g - amulet of the acrobat
HPRegen 0.38/turn                O - +6 ring of intelligence
MPRegen 0.16/turn                P - +4 ring of slaying

@: no status effects
A: high MP 1, forlorn, divine attributes
a: no special abilities


You were on level 1 of the Orcish Mines.
You visited 3 branches of the dungeon, and saw 18 of its levels.

You collected 1227 gold pieces.

Inventory:

Hand Weapons
 c - a +2 dagger of pain
 i - a +0 spear
 k - a +4 quarterstaff of chaos
 m - a +0 trident of flaming (weapon)
 x - a +0 flail of holy wrath
 I - a +1 trident
Missiles
 J - a throwing net
Armour
 a - a +0 robe
 d - a +1 pair of gloves (worn)
 e - a +0 pair of gloves
 f - a +0 cloak
 j - a +0 helmet (worn)
 l - a +0 cloak of poison resistance (worn)
 o - a +0 ring mail
 q - a +0 scale mail
 w - the +3 ring mail "Raso" (worn) {rPois rC+ Str+3}
   (You found it on level 3 of the Dungeon)

   Str:       It affects your strength (+3).
   rC:        It protects you from cold.
   rPois:     It protects you from poison.
Jewellery
 g - an amulet of the acrobat (around neck)
 F - a ring of willpower
 K - a ring of willpower
 N - a +6 ring of strength
 O - a +6 ring of intelligence (left hand)
 P - a +4 ring of slaying (right hand)
 Q - a ring of fire
Wands
 u - a wand of flame (35)
 v - a wand of digging (8)
 C - a wand of polymorph (4)
 D - a wand of light (11)
 G - a wand of paralysis (18)
 T - a wand of mindburst (6)
Scrolls
 n - 5 scrolls of enchant weapon
 s - 3 scrolls of enchant armour
 y - 6 scrolls of teleportation
 z - 4 scrolls of amnesia
 A - 3 scrolls of brand weapon
 H - 4 scrolls of blinking
 L - 3 scrolls of identify
 M - 2 scrolls of fog
 U - a scroll of butterflies
Potions
 b - 4 potions of mutation
 h - 4 potions of invisibility
 p - 2 potions of flight
 r - 5 potions of brilliance
 t - a potion of resistance
 B - 2 potions of magic
 E - 4 potions of curing
 R - 2 potions of berserk rage
Miscellaneous
 V - a condenser vane (inert)


   Skills:
 + Level 8.5 Fighting
 - Level 14.0 Polearms
 + Level 8.5 Armour
 - Level 1.7 Dodging
 - Level 1.7 Stealth
 - Level 1.7 Spellcasting
 * Level 14.6 Summonings
 - Level 2.0 Air Magic


You had 5 spell levels left.
You knew the following spells:

 Your Spells              Type           Power      Damage    Failure   Level
b - Summon Lightning Spi  Summ/Air       57%        N/A       3%          4
c - Call Canine Familiar  Summ           81%        N/A       1%          3
d - Summon Guardian Gole  Hex/Summ       53%        N/A       1%          3

Your spell library contained the following spells:

 Spells                   Type           Power      Damage    Failure   Level
 Summon Small Mammal      Summ           100%       N/A       1%          1
 Call Imp                 Summ           81%        N/A       1%          2
 Animate Armour           Summ/Erth      100%       N/A       4%          4
 Beastly Appendage        Tmut           6%         N/A       10%         1
 Poisonous Vapours        Pois/Air       20%        N/A       10%         2
 Cigotuvi's Dreadful Rot  Necr/Pois/Air  14%        N/A       11%         2
 Wereblood                Tmut           3%         N/A       14%         2
 Mephitic Cloud           Conj/Pois/Air  7%         N/A       22%         3
 Inner Flame              Hex/Fire       3%         N/A       28%         3
 Ozocubu's Armour         Ice            3%         N/A       28%         3
 Spider Form              Tmut/Pois      3%         N/A       28%         3
 Stone Arrow              Conj/Erth      6%         3d7       28%         3
 Cause Fear               Hex            1%         N/A       67%         4
 Metabolic Englaciation   Hex/Ice        1%         N/A       95%         5
 Yara's Violent Unravell  Hex/Tmut       1%         3d3       95%         5
 Spellforged Servitor     Conj/Summ      26%        N/A       99%         7
 Simulacrum               Ice/Necr       1%         N/A       100%        6
 Enfeeble                 Hex            1%         N/A       100%        7
 Orb of Destruction       Conj           1%         9d5       100%        7
 Discord                  Hex            1%         N/A       100%        8
 Lehudib's Crystal Spear  Conj/Erth      1%         10d2      100%        8


Dungeon Overview and Level Annotations

Branches:
Dungeon (11/15)            Temple (0/1) D:5            Lair (5/5) D:9
  Swamp (0/4) Lair:2       Spider (0/4) Lair:2        Slime (0/5) Lair:4
    Orc (2/2) D:10            Elf (0/3) Orc:2

Shops:
Orc:2 [!

Annotations:
D:3 Sigmund
Lair:4 exclusion: 4 oklob plants


Innate Abilities, Weirdness & Mutations

You have an increased reservoir of magic. (+10% MP)
You shall have no god before yourself.
Your divine heritage dramatically boosts your attributes as you level up.


Message History

Casting: Summon Guardian Golem (safe; 1% risk of failure)
Confirm with . or Enter, or press ? or * to list all spells.
An electric hum fills the air.
Your warg bites the two-headed ogre.
The two-headed ogre closely misses you.
The two-headed ogre hits you but does no damage.
The two-headed ogre hits your warg with a +0 giant club!
Flame seeps out of your guardian golem.
The two-headed ogre closely misses your warg.
Your warg bites the two-headed ogre!
You now have 5/19 mp.
Your warg bites the two-headed ogre!
The two-headed ogre dies!
Something hits your guardian golem!!
Your guardian golem disappears in a puff of smoke!
Your guardian golem explodes!
The fiery explosion engulfs your warg!!!
The two-headed ogre attacks as you move away!
The two-headed ogre completely misses you.
The two-headed ogre barely misses you.
The two-headed ogre attacks as you move away!
The two-headed ogre completely misses you.
The two-headed ogre closely misses you.
The two-headed ogre hits your lightning spire with a +0 giant club.
The two-headed ogre hits your lightning spire with a +0 giant spiked club!
The two-headed ogre barely misses your lightning spire.
The two-headed ogre hits your lightning spire with a +0 giant spiked club.
The two-headed ogre hits your lightning spire with a +0 giant club!!
The two-headed ogre hits your lightning spire with a +0 giant spiked club!
Your lightning spire is destroyed!
Your lightning spire disappears in a puff of smoke!
Casting: Summon Lightning Spire (dangerous; 3% risk of failure)
Confirm with . or Enter, or press ? or * to list all spells.
An electric hum fills the air.
You now have 2/19 mp.
Your lightning spire shoots out a bolt of lightning at the two-headed ogre!
The bolt of electricity hits the two-headed ogre!
You hit the two-headed ogre. You burn the two-headed ogre.
The two-headed ogre is moderately wounded.
The two-headed ogre hits you with a +0 giant club!!
You die...

#...#.ยง#.....#####.##
##..##...#....# #...#
#...#...#....## ##.##
##.###O#.#.### ###
####......#.##
####..O.....####
##.###.#....#.#.##
#....#...........#
##........O@...#.##
#...#...8..#....##
##..##.#..####.##
#...###### ### ##.##
###


You could see 3 two-headed ogres and a friendly lightning spire (summoned).

Vanquished Creatures
  3 hydras
  Erica (D:9)
  A two-headed ogre (Orc:2)
  A death yak (Lair:5)
  3 skysharks
  2 bog bodies (Lair:2)
  An orb spider (Lair:2)
  A lindwurm (Lair:5)
  2 orc knights
  An orc sorcerer (Orc:1)
  A cyclops (Orc:2)
  2 elephants (Lair:5)
  4 black mambas
  A torpor snail (Lair:3)
  6 cane toads
  An unseen horror (D:11)
  A komodo dragon (Lair:3)
  A rime drake (Lair:2)
  4 trolls
  4 blink frogs
  A raiju (Lair:5)
  4 dream sheep (Lair:5)
  3 vampires (D:11)
  17 yaks
  3 wyverns
  A basilisk (Lair:1)
  2 steam dragons
  Edmund (D:4)
  2 swamp worms (Lair:2)
  5 wargs
  An acid dragon (D:11)
  14 water moccasins
  A floating eye (Lair:4)
  4 hell hounds (Lair:5)
  A sky beast (D:6)
  3 black bears (Lair:5)
  An ice beast (D:6)
  2 centaurs
  5 ogres
  18 wolves
  A kobold brigand (D:6)
  7 bullfrogs
  6 wights
  4 electric eels
  3 hounds
  2 iguanas
  2 orc wizards (Orc:2)
  3 gnolls (D:5)
  7 adders
  2 shadow imps
  A white imp (D:6)
  A worm (D:2)
  3 dart slugs
  13 orcs
  2 ball pythons
  An endoplasm (D:3)
  3 giant cockroaches (D:1)
  9 hobgoblins
  2 quokkas (D:1)
  4 bats
  3 frilled lizards
  9 goblins
  5 kobolds
  7 rats
230 creatures vanquished.

Vanquished Creatures (collateral kills)
  A hydra (Lair:3)
  A catoblepas (Lair:2)
  2 two-headed ogres (Orc:1)
  A death yak (Lair:5)
  A lindwurm (Lair:5)
  Pikel (D:4)
  2 cyclopes (D:11)
  A manticore (Lair:5)
  An elephant (Lair:5)
  A black mamba (Lair:5)
  5 cane toads
  A torpor snail (Lair:5)
  An unseen horror (D:11)
  A rime drake (Lair:4)
  Psyche (D:8)
  3 kobold demonologists
  7 komodo dragons
  2 trolls (Orc:2)
  6 blink frogs
  9 dream sheep
  15 yaks
  2 wyverns
  2 wraiths
  A steam dragon (D:7)
  2 humans (D:10)
  A basilisk (Lair:5)
  Menkaure (D:6)
  2 wargs
  6 water moccasins
  2 acid dragons
  Pargi (D:4)
  2 hell hounds (Lair:5)
  4 orc warriors
  An ice beast (D:7)
  A sky beast (D:7)
  3 black bears
  6 ogres
  12 wolves
  A centaur (D:9)
  A kobold brigand (D:10)
  3 bullfrogs
  2 gnoll sergeants (D:5)
  6 wights
  3 killer bees (D:9)
  5 howler monkeys
  A hound (D:5)
  2 orc priests
  Crazy Yiuf (D:2)
  An iguana (D:5)
  6 orc wizards
  4 hell rats (Lair:3)
  Robin (D:2)
  7 gnolls (D:5)
  5 adders
  A nameless horror (D:11)
  A white imp (D:5)
  A worm (D:2)
  23 orcs
  An endoplasm (D:2)
  3 goblins (D:2)
  6 kobolds
  A ball python (D:2)
198 creatures vanquished.

Vanquished Creatures (others)
  2 hydras
  A bog body (Lair:2)
  A cane toad (Lair:5)
  A rime drake (Lair:5)
  2 komodo dragons
  A troll (Orc:2)
  6 yaks
  2 ogres (Orc:2)
  2 bushes (Lair:5)
  39 fungi
  101 plants
  6 withered plants (D:5)
164 creatures vanquished.

Grand Total: 592 creatures vanquished

Notes
Turn   | Place    | Note
-------+----------+-------------------------------------------
     0 | D:1      | jasper the Demigod Summoner began the quest for the Orb.
     0 | D:1      | Reached XP level 1. HP: 14/14 MP: 5/5
   287 | D:1      | Reached XP level 2. HP: 20/20 MP: 7/7
   493 | D:1      | You fall into a shaft and drop 1 floor!
   826 | D:1      | Learned a level 2 spell: Call Imp
  1026 | D:2      | Found a runed translucent door.
  1027 | D:2      | Noticed Crazy Yiuf
  1352 | D:2      | Reached XP level 3. HP: 23/26 MP: 5/8
  1389 | D:2      | Noticed Robin
  1402 | D:2      | Killed Robin
  1406 | D:2      | Reached skill level 5 in Summonings
  1893 | D:2      | Killed Crazy Yiuf
  1894 | D:2      | Reached XP level 4. HP: 33/33 MP: 0/9
  2013 | D:3      | Learned a level 3 spell: Call Canine Familiar
  2174 | D:3      | Noticed Sigmund
  2319 | D:3      | Identified the +3 ring mail "Raso" {rPois rC+ Str+3}
  2721 | D:4      | Reached XP level 5. HP: 38/38 MP: 10/10
  2737 | D:4      | Noticed Edmund
  2753 | D:4      | Killed Edmund
  2848 | D:4      | Noticed Pikel
  2904 | D:4      | Killed Pikel
  2905 | D:4      | Reached XP level 6. HP: 42/45 MP: 5/11
  2905 | D:4      | Reached XP level 7. HP: 47/50 MP: 5/12
  2909 | D:4      | Learned a level 3 spell: Summon Guardian Golem
  3805 | D:4      | Noticed Pargi
  3816 | D:4      | Killed Pargi
  3986 | D:5      | Entered Level 5 of the Dungeon
  4044 | D:5      | Found a staircase to the Ecumenical Temple.
  4098 | D:5      | Reached XP level 8. HP: 24/57 MP: 8/13
  4225 | D:5      | Reached skill level 10 in Summonings
  4235 | D:5      | Reached skill level 1 in Polearms
  4237 | D:5      | Reached skill level 1 in Fighting
  4237 | D:5      | Reached skill level 1 in Armour
  5458 | D:6      | Noticed Menkaure
  5464 | D:6      | Killed Menkaure
  5840 | D:7      | Reached XP level 9. HP: 69/69 MP: 10/14
  5845 | D:7      | Learned a level 4 spell: Summon Lightning Spire
  5898 | D:7      | Reached skill level 1 in Air Magic
  5902 | D:7      | Reached skill level 5 in Polearms
  6595 | D:8      | Identified the +1 whip "Laroom" {flame, rN++ Int+3 Dex+2}
  6760 | D:8      | Noticed Psyche
  6775 | D:8      | Killed Psyche
  7024 | D:9      | Found a staircase to the Lair.
  7025 | D:9      | Noticed a komodo dragon
  7044 | D:9      | Killed a komodo dragon
  7329 | D:9      | Noticed Erica
  7347 | D:9      | Killed Erica
  7348 | D:9      | Reached XP level 10. HP: 49/77 MP: 8/15
  7795 | D:10     | Entered Level 10 of the Dungeon
  7904 | D:10     | Found a staircase to the Orcish Mines.
  8084 | D:10     | Reached skill level 10 in Polearms
  8084 | D:10     | Noticed a sixfirhy
  8091 | D:10     | Noticed a rust devil
  8268 | D:10     | Noticed a rust devil
  9136 | Orc:1    | Entered Level 1 of the Orcish Mines
  9136 | Orc:1    | Noticed an orc knight
  9139 | Orc:1    | Noticed an orc sorcerer
 10061 | D:11     | Noticed a cyclops
 10074 | D:11     | Killed a cyclops
 10261 | D:11     | Noticed a cyclops
 10269 | D:11     | Killed a cyclops
 10270 | D:11     | Reached XP level 11. HP: 82/82 MP: 17/17
 10587 | D:11     | Identified the +0 leather armour of Atheism {Will+ Dex-4
                  | Stlth+}
 10835 | Lair:1   | Entered Level 1 of the Lair of Beasts
 12795 | Lair:2   | Found a hole to the Spider Nest.
 12795 | Lair:2   | Noticed an orb spider
 12806 | Lair:2   | Killed an orb spider
 13286 | Lair:2   | Identified the +1 quarterstaff of the Rotten God {venom,
                  | rElec rPois}
 13298 | Lair:2   | Noticed a catoblepas
 13312 | Lair:2   | Killed a catoblepas
 13637 | Lair:2   | Noticed a bog body
 13642 | Lair:2   | Noticed a bog body
 13654 | Lair:2   | Killed a bog body
 13654 | Lair:2   | Killed a bog body
 13655 | Lair:2   | Reached XP level 12. HP: 79/92 MP: 3/18
 13896 | Lair:2   | Found a staircase to the Swamp.
 14381 | Lair:2   | Reached skill level 5 in Fighting
 14381 | Lair:2   | Reached skill level 5 in Armour
 15008 | Lair:3   | Noticed a five-headed hydra
 15019 | Lair:3   | Killed a five-headed hydra
 15091 | Lair:3   | Noticed a six-headed hydra
 15100 | Lair:3   | Killed a six-headed hydra
 15429 | Lair:3   | Identified the +6 rapier "Ixuges" {freeze, rN+}
 15576 | Lair:3   | Noticed an eight-headed hydra
 15583 | Lair:3   | Killed an eight-headed hydra
 16912 | Lair:4   | Noticed a seven-headed hydra
 16923 | Lair:4   | Killed a seven-headed hydra
 17122 | Lair:4   | Found a staircase to the Slime Pits.
 17446 | Lair:4   | Paralysed by a floating eye for 2 turns
 17701 | Lair:5   | Entered Level 5 of the Lair of Beasts
 17708 | Lair:5   | Reached XP level 13. HP: 103/104 MP: 15/19
 20450 | Orc:2    | Entered Level 2 of the Orcish Mines
 20727 | Orc:2    | Found a staircase to the Elven Halls.
 21165 | Orc:2    | Found Ipal's Antique Armour Shop.
 21166 | Orc:2    | Found Waetug's Distillery.
 21433 | Orc:1    | Slain by a two-headed ogre

Illustrated notes

Levels and vault maps discovered:
D:1:      minmay_arrival_radiant_lines, layout_basic
D:2:      layout_loops_corners, uniq_crazy_yiuf_cottage, uniq_robin
D:3:      layout_rooms, nicolae_ru_path_of_blood, serial_rivers,
          chequers_serial_rivers_micro_b, chequers_serial_rivers_room_a,
          chequers_serial_rivers_micro_c, chequers_serial_rivers_micro_b,
          chequers_serial_rivers_micro_d, chequers_serial_rivers_room_a,
          shapermc_ecumenical_altar_totnotflames, uniq_sigmund
D:4:      layout_basic, chequers_serial_rivers_large_a, nicolae_titane,
          uniq_edmund, uniq_pikel, uniq_pargi
D:5:      layout_rooms, grunt_temple_overflow_growth_and_decay,
          grunt_temple_overflow_open, minmay_temple_entry_junction_2,
          grunt_ministairs_13
D:6:      layout_loops_ring, uniq_menkaure
D:7:      layout_gridville
D:8:      layout_gridville, uniq_psyche
D:9:      layout_long_grid, david_lair_shrubbed, uniq_erica
D:10:     layout_irregular_city, okawaru_humans, david_orc_3
D:11:     layout_stronghold
Lair:1:   statuecave_lemuel, layout_small_grid, serial_bayou,
          serial_bayou_pond_e, serial_bayou_pond_c, serial_bayou_crossing,
          serial_bayou_ford_a, serial_bayou_pond_a, serial_bayou_pond_d,
          infiniplex_staircase_pool
Lair:2:   layout_cave_pods, nicolae_swamp_entry_splash_gauntlet,
          nicolae_spider_entry_orb_guardian, fungi_pond_lemuel
Lair:3:   nzn_winding_woodlands_cross [nzn_winding_woodlands_5x15_longhouse,
          nzn_winding_woodlands_5x15_pathside_ponds,
          nzn_winding_woodlands_5x15_garden, nzn_winding_woodlands_5x15_default,
          nzn_winding_woodlands_15x15_five_gardens], layout_chaotic_city,
          lemuel_fruit_tree
Lair:4:   layout_regular_city, slime_entry_1, disabler_island
Lair:5:   hangedman_lair_in_review, layout_loops_ring,
          hangedman_lair_caniforms_friends
Orc:1:    layout_caves, basic_altar, nicolae_orc_rockfall, lightli_orcish_oven
Orc:2:    st_orc_open, layout_caves

Skill      XL: |  1  2  3  4  5  6  7  8  9 10 11 12 13 |
---------------+----------------------------------------+-----
Summonings     | 4 5 6 8 9 10 11 12 14 | 14.6
Polearms       | 4 9 12 14 | 14.0
Fighting       | 3 4 6 8 |  8.5
Armour         | 3 4 6 8 |  8.5
Air Magic      | 2 |  2.0
Dodging        | |  1.7
Stealth        | |  1.7
Spellcasting   | |  1.7

Action                     |  1- 3 |  4- 6 |  7- 9 | 10-12 | 13-15 || total
---------------------------+-------+-------+-------+-------+-------++-------
  Melee: Dagger            |   163 |       |       |       |       ||   163
         Punch             |     1 |       |     2 |     5 |     2 ||    10
         Trident           |       |    76 |   241 |   591 |   202 ||  1110
         Quarterstaff      |       |     9 |       |       |       ||     9
   Cast: Call Imp          |    11 |     2 |       |       |       ||    13
         Summon Small Mamm |     2 |       |       |       |       ||     2
         Call Canine Famil |       |     9 |    34 |    65 |    36 ||   144
         Summon Lightning  |       |       |     2 |    27 |    24 ||    53
         Summon Guardian G |       |       |       |     8 |     9 ||    17
  Evoke: Wand              |       |       |       |     9 |     3 ||    12
         Condenser vane    |       |       |       |       |     1 ||     1
    Use: Scroll            |     2 |       |    17 |     5 |     6 ||    30
         Potion            |       |     1 |       |     4 |     2 ||     7
   Stab: Sleeping          |     3 |     1 |       |       |       ||     4
         Distracted        |       |     2 |     5 |    11 |     6 ||    24
 Armour: Robe              |    39 |     3 |       |       |       ||    42
         Ring mail         |       |    34 |   117 |   231 |    93 ||   475
  Dodge: Dodged            |    98 |    47 |   158 |   303 |   180 ||   786

Table legend: (Time is in decaauts)
 A = Elapsed time spent in this place.
 B = Non-inter-level travel time spent in this place.
 C = Inter-level travel time spent in this place.
 D = Time resting spent in this place.
 E = Time spent auto-exploring this place.
 F = Levels seen in this place.
 G = Mean time per level.
                   A        B        C        D        E       F      G
               +--------+--------+--------+--------+--------+-----+--------+
         Total |  21275 |  20535 |    740 |   2361 |  14686 |  18 | 1181.9 |
       Dungeon |  10996 |  10619 |    377 |    682 |   7909 |  11 |  999.6 |
          Lair |   9075 |   8733 |    342 |   1226 |   6274 |   5 | 1815.0 |
  Orcish Mines |   1204 |   1184 |     20 |    453 |    503 |   2 |  602.0 |
               +--------+--------+--------+--------+--------+-----+--------+

Top non-repeatable levels by time:
  Lair:2: 2196 daAuts
  Lair:1: 1845 daAuts
  Lair:5: 1840 daAuts
    D:11: 1803 daAuts
  Lair:4: 1756 daAuts
  Lair:3: 1437 daAuts
     D:4: 1315 daAuts
    D:10: 1274 daAuts
     D:2: 1084 daAuts
     D:6: 968 daAuts
     D:9: 966 daAuts
     D:1: 842 daAuts
     D:3: 800 daAuts
     D:5: 757 daAuts
   Orc:2: 733 daAuts
